 Dungeon Crawl Stone Soup version 0.32-a0-136-gc02482bde3 (webtiles) character file.

Game seed: 9946500187875523461

510 Ceno the Sneak (level 6, -9/28 HPs)
             Began as a Felid Alchemist on Feb 11, 2024.
             Was an Initiate of Vehumet.
             Mangled by a sleepcap (11 damage)
             ... on level 5 of the Dungeon.
             The game lasted 00:16:58 (4858 turns).

Ceno the Sneak (Felid Alchemist)                    Turns: 4858, Time: 00:16:58

Health: -9/28      AC:  2    Str:  4    XL:     6   Next: 98%
Magic:  10/13      EV:  4    Int: 20    God:    Vehumet [......]
Gold:   266        SH:  0    Dex: 17    Spells: 3/13 levels left
                                        Lives:  0   Deaths: 2

rFire   . . .        (weapon unavailable)
rCold   + . .        (shield unavailable)
rNeg    . . .        (body armour unavailable)
rPois   .            (helmet unavailable)
rElec   .            (cloak unavailable)
rCorr   .            (gloves unavailable)
SInv    +            (boots unavailable)
Will    .....        (no amulet)
Stlth   +++          o - ring of protection from cold
HPRegen 0.24/turn    p - +5 ring of evasion
MPRegen 0.13/turn

%: no passive effects
@: sleeping
A: very small, claws 1, fangs 3, see invisible, shaggy fur 2, stealthy paws, no
weapons or thrown items, no armour, multi-lived
a: Renounce Religion


You were on level 5 of the Dungeon.
You worshipped Vehumet.
Vehumet was noncommittal.
You visited 1 branch of the dungeon, and saw 5 of its levels.

You collected 266 gold pieces.

Inventory:

Jewellery
 b - a ring of ice
 o - a ring of protection from cold (left paw)
 p - a +5 ring of evasion (right paw)
Scrolls
 d - a scroll of blinking {unknown}
 f - 3 scrolls of fog
 g - a scroll of vulnerability
 j - a scroll of immolation
 k - 5 scrolls of identify
 l - a scroll of fear {unknown}
 m - a scroll of silence {unknown}
 n - 4 scrolls of teleportation
 q - a scroll of enchant weapon {unknown}
 s - a scroll of torment {unknown}
Potions
 a - a potion of magic
 c - 2 potions of resistance
 h - a potion of mutation
 i - a potion of heal wounds
 r - a potion of haste
 t - a potion of brilliance
 u - a potion of might


   Skills:
 - Level 2.6 Dodging
 + Level 6.6 Stealth
 - Level 4.0 Spellcasting
 - Level 0.8 Conjurations
 + Level 0.5 Fire Magic
 + Level 0.4 Air Magic
 + Level 4.7 Alchemy


You had 3 spell levels left.
You knew the following spells:

 Your Spells              Type           Power      Damage    Failure   Level
a - Sting                 Conj/Alch      60%        1d6       4%          1
b - Mercury Vapours       Alch/Air       28%        N/A       7%          2
c - Mephitic Cloud        Conj/Alch/Air  12%        N/A       17%         3
d - Olgreb's Toxic Radia  Alch           23%        N/A       19%         4

Your spell library contained the following spells:

 Spells                   Type           Power      Damage    Failure   Level
 Magic Dart               Conj           28%        1d4       9%          1
 Blink                    Tloc           8%         N/A       19%         2
 Call Imp                 Summ           8%         N/A       19%         2
 Tukima's Dance           Hex            4%         N/A       36%         3
 Sticky Flame             Fire/Alch      14%        2d5       38%         4
 Passage of Golubria      Tloc           4%         N/A       77%         4
 Yara's Violent Unravell  Hex/Alch       6%         3d5       80%         5


Dungeon Overview and Level Annotations

Branches:
Dungeon (5/15)
 Temple: D:4-7

Altars:
Ashenzari
Okawaru
Qazlal
Vehumet
Xom

Shops:
D:2 !

Annotations:
D:3 exclusions: orc and 2 orc priests
D:4 3 runed translucent doors, AutarchDCSS's ghost, amateur MfSh
D:5 exclusion: jelly


Innate Abilities, Weirdness & Mutations

You have sharp claws.
You have razor-sharp teeth.
You have supernaturally acute eyesight. (SInv)
You are covered in thick fur. (AC +2)
Your paws help you pounce on unaware monsters.
You are incapable of wielding weapons or throwing items.
You cannot wear armour.
You gain extra lives every three experience levels.


Message History

Casting: Sting (safe; 4% risk of failure)
Confirm with . or Enter, or press ? or * to list all spells.
Aiming: Sting (safe; 4% risk of failure)
Press: ? - help, Shift-Dir - straight line, f/p - sleepcap
Aim: a sleepcap (lightly damaged, very poisoned, 100% to hit)
The sting hits the sleepcap.
The sleepcap partially resists.
The sleepcap looks as sick as possible!
The sleepcap is moderately damaged.
The sleepcap barely misses you.
You scratch the sleepcap.
The sleepcap is moderately damaged.
The sleepcap misses you.
You scratch the sleepcap but do no damage.
The sleepcap is heavily damaged.
The sleepcap releases spores at you.
You scratch the sleepcap but do no damage.
The sleepcap is severely damaged.
The sleepcap closely misses you.
You scratch the sleepcap but do no damage.
The sleepcap is severely damaged.
The sleepcap releases spores at you.
You are engulfed in a cloud of soporific spores!
You fall asleep.
The sleepcap releases spores at you.
You wake up.
Casting: Sting (safe; 4% risk of failure)
Confirm with . or Enter, or press ? or * to list all spells.
Aiming: Sting (safe; 4% risk of failure)
Press: ? - help, Shift-Dir - straight line, f/p - sleepcap
Aim: a sleepcap (severely damaged, very poisoned, 100% to hit)
The sting hits the sleepcap.
The sleepcap partially resists.
The sleepcap is severely damaged.
The sleepcap releases spores at you!
* * * LOW HITPOINT WARNING * * *
There is an escape hatch in the ceiling here.
The sleepcap attacks as it pursues you! The sleepcap releases spores at you!
* * * LOW HITPOINT WARNING * * *
You are engulfed in a cloud of soporific spores!
You fall asleep.
The sleepcap releases spores at you!
You die...

#..#.....##
#..####
.#......##
##.....#
.†.....##
##.....##
..#..###
##.....## ....##
#.....## ....#
###...# .....
#...# .....
#...# ## ...##.
#..@# .#
.#####..f# ..##
........<##...#
.........#....##
.#######.......#
##......#
#...>..#
.......#
.......#


You could see a sleepcap (very poisoned).

Vanquished Creatures
  2 centaurs (D:5)
  Blork the orc (D:5)
  An orc priest (D:5)
  A hound (D:5)
  A jelly (D:5)
  3 iguanas
  Robin (D:3)
  A gnoll (D:5)
  2 adders
  2 dart slugs
  8 orcs
  2 ball pythons (D:4)
  4 endoplasms
  2 giant cockroaches
  12 goblins
  7 hobgoblins
  3 jackals (D:5)
  A quokka (D:2)
  6 bats
  5 kobolds
  2 rats
67 creatures vanquished.

Notes
Turn   | Place    | Note
-------+----------+-------------------------------------------
     0 | D:1      | Ceno the Felid Alchemist began the quest for the Orb.
     0 | D:1      | Reached XP level 1. HP: 9/9 MP: 4/4
   431 | D:1      | Reached skill level 3 in Stealth
   499 | D:1      | Reached XP level 2. HP: 9/13 MP: 0/6
   505 | D:1      | Learned a level 2 spell: Mercury Vapours
  1045 | D:2      | Found a faded altar of an unknown god.
  1224 | D:2      | Found a shimmering altar of Xom.
  1252 | D:2      | Found Toesotac's Distillery.
  1773 | D:3      | Reached XP level 3. HP: 16/16 MP: 1/8
  1931 | D:3      | Noticed Robin
  2540 | D:3      | Found a stormy altar of Qazlal.
  2662 | D:3      | Mangled by a goblin
  2662 | D:3      | Lost a life (0 lives remaining)
  2677 | D:3      | Killed Robin
  2678 | D:3      | Reached XP level 4. HP: 21/21 MP: 1/9
  2678 | D:3      | Gained a life (1 life remaining)
  2934 | D:4      | Reached skill level 4 in Stealth
  2981 | D:4      | Learned a level 3 spell: Mephitic Cloud
  3072 | D:4      | Noticed AutarchDCSS's ghost (amateur MfSh)
  3082 | D:4      | Found a runed translucent gate.
  3082 | D:4      | Found a runed translucent gate.
  3083 | D:4      | Found a runed translucent gate.
  3279 | D:4      | Found a broken altar of Ashenzari.
  3641 | D:4      | Noticed a lemure
  3709 | D:5      | Entered Level 5 of the Dungeon
  3743 | D:5      | Reached XP level 5. HP: 9/24 MP: 3/11
  3893 | D:5      | Noticed a centaur
  3902 | D:5      | Shot with an arrow by a centaur
  3902 | D:5      | Lost a life (0 lives remaining)
  3903 | D:5      | Found an iron altar of Okawaru.
  3921 | D:5      | Noticed a centaur
  3931 | D:5      | Killed a centaur
  3932 | D:5      | Reached skill level 5 in Stealth
  3932 | D:5      | Gained mutation: You are covered in thick fur. (AC +2)
                  | [Felid growth]
  3932 | D:5      | Reached XP level 6. HP: 27/28 MP: 7/13
  4010 | D:5      | Found a radiant altar of Vehumet.
  4025 | D:5      | Became a worshipper of Vehumet
  4302 | D:5      | Reached skill level 6 in Stealth
  4330 | D:5      | Noticed Blork the orc
  4341 | D:5      | Killed Blork the orc
  4756 | D:5      | Identified the +7 orcbow of Mourning {drain, rElec Stlth+}
  4771 | D:5      | Learned a level 4 spell: Olgreb's Toxic Radiance
  4858 | D:5      | Mangled by a sleepcap

Illustrated notes

Levels and vault maps discovered:
D:1:      minmay_arrival_three_doors, layout_rooms, minmay_hexomino_r4
D:2:      layout_basic, basic_altar, shapermc_ecumenical_altar_notcrosses,
          serial_shops, nicolae_shop_waterfront, small_statue_intersection,
          minmay_misc_feat_square
D:3:      layout_rooms, mainiacjoe_overflow_concentric_impassable, uniq_robin
D:4:      layout_loops_ring, kennysheep_little_box,
          minmay_temple_entry_junction_2, gammafunk_ghost_split,
          nicolae_shop_firing_range, uniq_pikel
D:5:      layout_cave_pods, hellmonk_okawaru_the_only_friend_you_need,
          nicolae_vehumet_altar_sigil, uniq_blork_the_orc

Skill      XL: |  1  2  3  4  5  6 |
---------------+-------------------+-----
Stealth        | 3 4 5 6 |  6.6
Alchemy        | 3 4 |  4.7
Spellcasting   | 3 4 |  4.0
Dodging        | |  2.6
Conjurations   | |  0.8
Fire Magic     | |  0.5
Air Magic      | |  0.4

Action                     |  1- 3 |  4- 6 || total
---------------------------+-------+-------++-------
  Melee: Unarmed           |    17 |    13 ||    30
         Bite              |     1 |       ||     1
         Punch             |       |     1 ||     1
   Cast: Sting             |    46 |    53 ||    99
         Mercury Vapours   |    15 |    25 ||    40
    Use: Scroll            |     7 |     4 ||    11
         Potion            |       |     1 ||     1
   Stab: Sleeping          |     9 |     2 ||    11
 Armour: Skin              |    15 |    31 ||    46
  Dodge: Dodged            |    54 |    86 ||   140

Table legend: (Time is in decaauts)
 A = Elapsed time spent in this place.
 B = Non-inter-level travel time spent in this place.
 C = Inter-level travel time spent in this place.
 D = Time resting spent in this place.
 E = Time spent auto-exploring this place.
 F = Levels seen in this place.
 G = Mean time per level.
                   A        B        C        D        E       F      G
               +--------+--------+--------+--------+--------+-----+--------+
         Total |   4860 |   4699 |    161 |    978 |   2354 |   5 |  972.0 |
       Dungeon |   4860 |   4699 |    161 |    978 |   2354 |   5 |  972.0 |
               +--------+--------+--------+--------+--------+-----+--------+

Top non-repeatable levels by time:
     D:3: 1276 daAuts
     D:5: 980 daAuts
     D:4: 972 daAuts
     D:2: 936 daAuts
     D:1: 694 daAuts
